 Dungeon Crawl Stone Soup version 0.23.2-33-g5129a83184 (webtiles) character file.

Game seed: 2948032558501777069

28 MalarOregon the Digger (level 3, -1/26 (28) HPs)
             Began as a Ghoul Earth Elementalist on July 12, 2019.
             Slain by a leopard gecko (3 damage)
             ... on level 1 of the Dungeon.
             The game lasted 00:02:11 (1293 turns).

MalarOregon the Digger (Ghoul Earth Elementalist)   Turns: 1293, Time: 00:02:11

HP:   -1/26 (28)    AC:  2    Str: 11    XL:     3   Next: 14%
MP:   1/5           EV: 12    Int: 11    God:
Gold: 26            SH:  0    Dex:  9    Spells: 5/6 levels left

rFire    . . .     SeeInvis .   j - +0 club
rCold    + . .     Gourm    .   (no shield)
rNeg     + + +     Faith    .   c - +0 robe
rPois    ∞         Spirit   .   (no helmet)
rElec    .         Reflect  .   (no cloak)
rCorr    .         Harm     .   (no gloves)
MR       .....                  (no boots)
Stlth    ++........             (no amulet)
HPRegen  0.00/turn              (no ring)
MPRegen  0.09/turn              (no ring)

@: very slightly contaminated, rotting
A: rotting body, claws 1, carnivore, cold resistance 1, negative energy
resistance 3, inhibited regeneration, torment resistance, unbreathing
a: no special abilities


You were on level 1 of the Dungeon.
You were not hungry.

You visited 1 branch of the dungeon, and saw 1 of its levels.

You collected 26 gold pieces.

Inventory:

Hand Weapons
 j - a +0 club (weapon)
   (You took it off a hobgoblin on level 1 of the Dungeon)
Missiles
 b - 9 stones (quivered)
Armour
 c - a +0 robe (worn)
Scrolls
 a - a scroll of enchant weapon {unknown}
 f - 2 scrolls of enchant armour {unknown}
 g - a scroll of identify {unknown}
 h - a scroll of amnesia {unknown}
 k - a scroll of magic mapping {unknown}
Potions
 d - a potion of degeneration {unknown}
 i - a potion of brilliance {unknown}
Comestibles
 e - 3 rations {!d}


   Skills:
 + Level 1.5 Fighting
 - Level 1.7 Dodging
 - Level 2.1 Stealth
 + Level 2.2 Spellcasting
   Level 0.8 Transmutations
 + Level 3.8 Earth Magic


You had 5 spell levels left.
You knew the following spells:

 Your Spells              Type           Power        Failure   Level  Hunger
a - Sandblast             Erth           #.....       6%          1    ##.....

Your spell library contained the following spells:

 Spells                   Type           Power        Failure   Level  Hunger
 Passwall                 Tmut/Erth      #.......     17%         2    ###....
 Stone Arrow              Conj/Erth      #.....       36%         3    ####...
 Petrify                  Tmut/Erth      #.......     73%         4    #####..
 Lee's Rapid Deconstruct  Erth           #.........   86%         5    ######.


Dungeon Overview and Level Annotations

Branches:
Dungeon (1/15)

Altars:


Innate Abilities, Weirdness & Mutations

Your body is rotting away.
You thrive on raw meat.
You are immune to poison.
You have sharp fingernails.
You are carnivorous and can eat meat at any time.
Your flesh is cold resistant. (rC+)
You are immune to negative energy. (rN+++)
You do not regenerate when monsters are visible.
You are immune to unholy pain and torment.
You can survive without breathing.


Message History

A rat comes into view.
A leopard gecko comes into view.
Found a scroll labeled MIWA BUAMEL.
Found a scroll labeled KOEJENTUZ XEEP.
You see here 11 stones.
The helpless kobold fails to defend itself.
You hit the kobold.
You kill the kobold!
A jackal comes into view.
You see here a scroll labeled MIWA BUAMEL.
The helpless leopard gecko fails to defend itself.
You hit the leopard gecko. The leopard gecko barely misses you. x2
You closely miss the leopard gecko. The rat bites you but does no damage.
The leopard gecko bites you. The rat closely misses you.
The leopard gecko misses you.
You closely miss the leopard gecko. The leopard gecko closely misses you.
The rat bites you.
You barely miss the leopard gecko.
The jackal barks!
The leopard gecko barely misses you.
The rat twitches its whiskers.
The rat bites you. The jackal bites you. The leopard gecko bites you.
* * * LOW HITPOINT WARNING * * *
Aim: a jackal The blast of sand misses the jackal.
b - 11 stones The jackal bites you.
* * * LOW HITPOINT WARNING * * *
The rat misses you. The leopard gecko closely misses you.
Aim: a jackal The blast of sand hits the jackal.
b - 10 stones The jackal bites you.
* * * LOW HITPOINT WARNING * * *
The rat closely misses you. The leopard gecko closely misses you.
The jackal misses you.
Aim: a jackal (heavily wounded)
You miscast Sandblast.
You are very lightly contaminated with residual magic.
Nothing appears to happen.
The leopard gecko bites you.
* * * LOW HITPOINT WARNING * * *
The rat closely misses you. The jackal bites you.
* * * LOW HITPOINT WARNING * * *
Aim: a jackal (heavily wounded)
The blast of sand hits the jackal.
You kill the jackal!
b - 9 stones The leopard gecko barely misses you.
The rat barely misses you. The leopard gecko bites you.
You die...

#### ... # ...
.# #. #.###.#
$.###?#l.##
..#(#@# .#
#.)#r###.#
#.###.#..#
#..#..r.####
#............#
.....#
#.............
.....#
#.............
.....#
#...........r.
.....#
#.............


You could see a leopard gecko and a rat.

Vanquished Creatures
  2 dart slugs (D:1)
  A leopard gecko (D:1)
  2 bats (D:1)
  2 giant cockroaches (D:1)
  3 hobgoblins (D:1)
  A jackal (D:1)
  A ball python (D:1)
  4 goblins (D:1)
  2 kobolds (D:1)
  5 rats (D:1)
23 creatures vanquished.

Notes
Turn   | Place    | Note
-------+----------+-------------------------------------------
     0 | D:1      | MalarOregon the Ghoul Earth Elementalist began the quest
                  | for the Orb.
     0 | D:1      | Reached XP level 1. HP: 14/14 MP: 2/2
   196 | D:1      | Reached XP level 2. HP: 22/22 MP: 2/4
   225 | D:1      | Reached skill level 1 in Fighting
   753 | D:1      | HP: 1/22 [goblin/+0 club (3)]
   996 | D:1      | Reached XP level 3. HP: 17/28 MP: 5/5
  1293 | D:1      | Slain by a leopard gecko

Skill      XL: |  1  2 |
---------------+-------+-----
Spellcasting   | 2 |  2.2
Fighting       | 1 |  1.5
Dodging        | |  1.7
Stealth        | |  2.1
Transmutations | |  0.8
Earth Magic    | |  3.8

Action                   || total
-------------------------++-------
Melee: Unarmed           ||    17
       Club              ||    35
 Cast: Sandblast         ||    21
 Stab: Sleeping          ||     2
  Eat: Chunk             ||     3
Armor: Robe              ||     6
Dodge: Dodged            ||    41
